Map: Dusk Towers

Players

capac

  • Race: Terran Terran
  • League: Gold

Powerofcow - Winner!

  • Race: Protoss Protoss
  • League: Gold

VOD

Have the link to the VOD?

Description

Time

  • Played on: April 4, 2016, 12:32 p.m.
  • Length: 15:23
Show
View Real Time Build Order
Export as new Build Order

capac Terran 

Build Orders: Reaper Expand, MMM Bio 

Get SALT Encoding   

  12  0:01  SCV  
  13  0:13  SCV  
  14  0:18  Supply Depot  
  14  0:25  SCV  
  15  0:39  SCV  
  15  0:41  Barracks  
  16  0:45  Refinery  
  16  0:51  SCV  
  17  1:03  SCV  
  18  1:22  SCV  
  19  1:30  Reaper  
  20  1:37  Orbital Command  
  20  1:43  Command Center  
  20  1:56  Supply Depot  
  20  2:08  Factory  
  20  2:16  Refinery  
  20  2:18  SCV  
  21  2:24  Barracks Reactor  
  21  2:30  SCV  
  22  2:42  SCV  
  23  2:52  Barracks  
  23  2:54  SCV  
  24  3:10  SCV x2  
  24  3:11  Factory Tech Lab  
  25  3:13  Starport  
  25  3:16  Marine  
  25  3:17  Marine  
  27  3:22  Orbital Command, SCV  
  28  3:30  Siege Tank  
  28  3:34  SCV  
  32  3:42  Barracks Tech Lab  
  32  3:44  Engineering Bay  
  32  3:46  SCV  
  32  3:48  Marine x2  
  33  3:51  Medivac  
  37  3:58  SCV  
  37  3:59  Barracks, SCV  
  39  4:10  Supply Depot, Stimpack  
  39  4:14  SCV x2  
  41  4:17  Marine  
  41  4:18  Marine  
  41  4:20  Marine  
  44  4:32  Siege Tank  
  44  4:34  Refinery  
  44  4:35  SCV x2  
  44  4:36  Refinery  
  44  4:37  Marine  
  44  4:38  Marine  
  51  4:40  Marine  
  51  4:44  Medivac  
  54  4:53  Supply Depot  
  54  5:02  Missile Turret  
  54  5:04  Marine x2  
  54  5:07  Barracks Reactor  
  56  5:14  Supply Depot  
  56  5:18  Starport Reactor  
  56  5:20  Siege Tank, Command Center  
  59  5:22  SCV  
  59  5:23  SCV  
  54  5:49  Missile Turret  
  54  5:54  Siege Tank  
  57  6:02  Missile Turret  
  57  6:05  Missile Turret, Medivac  
  59  6:12  Marine x4  
  59  6:13  Marine  
  59  6:17  Medivac  
  59  6:18  SCV x2  
  68  6:30  SCV x2  
  62  7:24  Marine x5  
  64  7:41  Marine x2  
  64  7:42  Marine x2  
  68  7:52  Siege Tank  
  71  8:03  SCV x2  
  73  8:11  Orbital Command  
  73  8:15  SCV  
  73  8:16  Marine x2, SCV  
  73  8:17  Marine x2  
  79  8:20  Barracks  
  79  8:26  Siege Tank  
  82  8:29  Barracks  
  82  8:34  SCV x2  
  84  8:41  Medivac x2  
  88  8:50  Marauder, Marine  
  88  8:51  Marine x2  
  88  8:53  Barracks, Combat Shields  
  88  8:55  Barracks  
  93  8:58  Supply Depot  
  93  8:59  Supply Depot  
  93  9:01  Marine  
  94  9:09  Barracks Tech Lab  
  94  9:14  Terran Infantry Weapons Level 1  
  94  9:16  Barracks  
  94  9:17  Barracks Reactor  
  94  9:26  Supply Depot  
  94  9:31  Supply Depot  
  94  9:33  Command Center  
  94  9:38  SCV x3  
  96  9:47  Marauder  
  96  9:48  Marauder, Marine x4  
  96  9:51  Concussive Shells  
  104  9:55  Barracks Tech Lab  
  104  9:56  Barracks Reactor  
  104  10:00  Supply Depot x2  
  104  10:03  Siege Tank  
  104  10:04  Medivac x2  
  104  10:05  Armory  
  111  10:10  Starport  
  111  10:11  Marine x4  
  111  10:12  Marine x2  
  111  10:13  Marauder x2  
  121  10:15  Barracks Reactor  
  121  10:20  SCV x3  
  124  10:25  Missile Turret  
  124  10:27  Supply Depot x2  
  124  10:39  SCV x3  
  124  10:41  Missile Turret  
  127  10:51  SCV x2  
  127  10:52  SCV  
  127  10:53  Marauder x3  
  127  10:54  Marine x3  
  127  10:55  Marine x4  
  127  10:57  Marine  
  143  11:02  Planetary Fortress  
  144  11:11  Siege Tank  
  147  11:14  Marauder  
  147  11:15  Marauder x2  
  153  11:19  Marine x6  
  153  11:20  Marine x2  
  153  11:23  SCV x2  
  153  11:24  SCV  
  164  11:31  Missile Turret  
  164  11:42  Terran Infantry Weapons Level 2  
  164  11:46  Engineering Bay  
  164  11:48  Starport Reactor  
  164  11:50  Siege Tank  
  167  12:00  SCV x3  
  170  12:12  SCV x2  
  170  12:14  Liberator x2  
  172  12:19  Marauder x3  
  153  12:40  Marauder x2  
  112  12:44  Marine x5  
  112  12:45  Marine x6  
  112  12:49  Siege Tank  
  115  12:57  Missile Turret  
  115  13:01  Marine x2  
  115  13:02  Viking x2, Marine x3  
  115  13:04  Marine x2  
  115  13:05  Marine x4  
  130  13:07  Marauder  
  132  13:19  Refinery, Marauder x2  
  136  13:20  Refinery  
  136  13:38  Marauder, Marine x3  
  136  13:39  Marine x4  
  136  13:40  Marine  
  136  13:41  Marauder x2  
  150  13:42  Marine  
  150  13:43  Marine  
  152  13:59  Supply Depot, Marauder  
  154  14:08  Siege Tank  
  157  14:17  Viking  
  157  14:18  Viking x2  
  157  14:21  SCV x2  
  157  14:23  SCV  
  166  14:29  Supply Depot  
  166  14:40  Siege Tank  
  177  15:02  SCV x3  
Show
View Real Time Build Order
Export as new Build Order

Powerofcow Protoss - Winner!

Build Orders:  

Get SALT Encoding   

  12  0:01  Probe (Chrono Boost)  
  13  0:11  Probe (Chrono Boost)  
  14  0:18  Pylon  
  14  0:22  Probe (Chrono Boost)  
  15  0:36  Probe (Chrono Boost)  
  15  0:38  Gateway  
  16  0:47  Probe (Chrono Boost), Assimilator  
  17  0:57  Probe (Chrono Boost)  
  18  1:08  Probe (Chrono Boost)  
  19  1:13  Pylon  
  20  1:18  Probe (Chrono Boost)  
  20  1:28  Cybernetics Core  
  20  1:32  Probe (Chrono Boost)  
  21  1:42  Probe (Chrono Boost)  
  22  1:52  Nexus  
  22  1:57  Probe (Chrono Boost)  
  22  2:09  Probe (Chrono Boost)  
  22  2:12  Warp Gate (Chrono Boost)  
  23  2:19  Mothership Core (Chrono Boost)  
  25  2:23  Assimilator  
  25  2:27  Adept (Chrono Boost)  
  27  2:38  Pylon  
  27  2:39  Probe (Chrono Boost)  
  28  2:50  Probe (Chrono Boost)  
  29  3:12  Adept  
  31  3:14  Probe x2 (Chrono Boost)  
  33  3:23  Robotics Facility  
  33  3:24  Probe (Chrono Boost)  
  33  3:25  Probe (Chrono Boost)  
  33  3:26  Gateway  
  35  3:29  Gateway  
  35  3:36  Probe x2  
  37  3:43  Pylon  
  37  3:47  Probe, Zealot (Chrono Boost)  
  37  3:48  Probe  
  41  4:00  Probe x2  
  43  4:10  Warp Prism (Chrono Boost)  
  45  4:19  Probe x2 (Chrono Boost)  
  45  4:21  Zealot  
  51  4:31  Probe x2 (Chrono Boost)  
  51  4:32  Pylon  
  51  4:34  Assimilator  
  51  4:36  Assimilator  
  51  4:40  Probe (Chrono Boost)  
  51  4:41  Probe (Chrono Boost)  
  51  4:43  Gateway  
  51  4:44  Immortal (Chrono Boost)  
  57  4:49  Stalker  
  57  4:50  Zealot  
  57  4:52  Sentry  
  63  5:00  Probe  
  63  5:02  Probe  
  65  5:08  Twilight Council  
  65  5:14  Probe (Chrono Boost)  
  66  5:16  Probe (Chrono Boost), Forge  
  66  5:21  Forge  
  67  5:34  Probe x2 (Chrono Boost)  
  69  5:41  Immortal  
  69  5:42  Pylon  
  69  5:43  Pylon  
  69  5:52  Charge (Chrono Boost)  
  69  5:56  Protoss Ground Weapons Level 1 (Chrono Boost), Protoss Ground Armor Level 1 (Chrono Boost)  
  69  6:02  Stalker x3  
  69  6:03  Zealot  
  77  6:09  Pylon  
  77  6:15  Templar Archives  
  77  6:25  Immortal  
  81  6:34  Nexus  
  81  6:47  Stalker  
  81  6:48  Zealot, Pylon  
  81  6:49  Sentry  
  81  6:50  Sentry  
  81  6:53  Pylon  
  80  7:10  Stalker x2  
  67  7:43  Protoss Ground Weapons Level 2 (Chrono Boost)  
  67  7:44  Psionic Storm  
  67  7:46  Probe x3 (Chrono Boost)  
  67  7:50  Immortal, Protoss Ground Armor Level 2 (Chrono Boost)  
  74  7:57  Probe x3 (Chrono Boost)  
  77  8:04  Blink (Chrono Boost)  
  77  8:08  Probe  
  77  8:09  Probe, High Templar  
  81  8:14  Zealot  
  81  8:16  Pylon  
  83  8:27  Gateway  
  83  8:28  Gateway  
  83  8:31  Probe x3 (Chrono Boost)  
  83  8:32  Gateway  
  86  8:42  Stalker  
  86  8:43  Stalker x2  
  86  8:45  Mothership Core (Chrono Boost)  
  94  8:55  High Templar  
  96  9:05  Gateway x2  
  96  9:08  Gateway  
  96  9:09  Observer (Chrono Boost)  
  97  9:11  Gateway  
  97  9:14  Probe x2  
  99  9:17  Assimilator  
  99  9:19  Probe  
  99  9:21  Assimilator  
  100  9:26  Probe, Zealot x5  
  101  9:42  Immortal (Chrono Boost)  
  105  9:46  Robotics Bay  
  105  9:50  Adept x5  
  105  9:51  Adept x2  
  119  9:59  Protoss Ground Weapons Level 3 (Chrono Boost)  
  119  10:00  Protoss Ground Armor Level 3 (Chrono Boost)  
  119  10:07  Resonating Glaives  
  119  10:14  Zealot x2  
  119  10:15  Zealot  
  119  10:19  Pylon  
  125  10:22  Pylon  
  125  10:37  Probe x2  
  125  10:38  Stalker x3  
  133  10:43  Probe  
  133  10:46  Pylon  
  133  10:48  Extended Thermal Lance (Chrono Boost)  
  133  10:49  Probe  
  135  10:50  Colossus (Chrono Boost), Pylon x2  
  141  11:09  Nexus  
  141  11:19  Zealot x3  
  141  11:20  Adept x2  
  141  11:23  High Templar x3  
  141  11:25  High Templar  
  159  11:27  Archon  
  159  11:45  Colossus (Chrono Boost)  
  165  11:48  Pylon x2  
  165  11:50  Pylon x2  
  165  12:06  High Templar x2  
  165  12:07  High Templar  
  171  12:08  Zealot x2  
  171  12:09  Zealot x6  
  187  12:15  Archon  
  187  12:16  Pylon  
  187  12:18  Pylon  
  187  12:30  Assimilator  
  187  12:35  Assimilator  
  151  12:47  Protoss Shields Level 1  
  151  12:50  Stalker x4  
  151  12:51  Stalker x4  
  152  12:52  Stalker  
  160  13:03  Colossus (Chrono Boost)  
  166  13:07  Zealot  
  166  13:08  Zealot  
  170  13:21  High Templar x3  
  170  13:22  Zealot  
  170  13:23  Zealot x2  
  170  13:25  Archon  
  182  13:35  Zealot  
  182  13:36  Zealot x4  
  182  13:37  Observer Gravitic Boosters (Chrono Boost)  
  192  13:51  Observer (Chrono Boost)  
  192  13:54  Nexus  
  193  14:00  High Templar x3  
  199  14:04  Archon  
  199  14:09  Pylon  
  195  14:59  Gateway  
  195  15:06  Gateway  
  195  15:07  Gateway  
  181  15:09  Gateway  
  181  15:11  Gateway  
  157  15:14  Gateway  
  157  15:17  Archon x2  
  157  15:18  Archon  
Tags
 
Composition
MMM Bio
League
GoldGold
Matchup
PvT
Add a new tag
Caveats
  • Supply blocks, unpowered buildings, or Contaminate may cause inaccurate times.
  • Supply counts are checked every 10 seconds.